[Event "Titled Tuesday Blitz July 13 2021"]
[White "ketster"]
[Black "Golubev, Mikhail"]
[BlackFideId "14100983"]
[WhiteElo "2436"]
[BlackElo "2374"]
[Result "1-0"]
[Round "08"]
[TimeControl "180+1"]
[Date "2021.07.13"]
[WhiteClock "0:00:02"]
[BlackClock "0:00:01"]

1. d4 g6 2. c4 Bg7 3. e4 d6 4. Nc3 Nf6 5. f3 O-O 6. Nge2 a6 7. Be3 Nbd7 8. Qd2 b5 9. cxb5 axb5 10. Nxb5 c6 11. Nbc3 e5 12. Ng3 d5 13. dxe5 Nxe5 14. Be2 Ba6 15. O-O Bxe2 16. Qxe2 Nc4 17. Bd4 Nxe4 18. Bxg7 Qb6+ 19. Kh1 Nxg3+ 20. hxg3 Kxg7 21. b3 Ne3 22. Rfe1 Rfe8 23. Na4 Qc7 24. Qb2+ Kg8 25. Qc3 Nf5 26. f4 Re3 27. Rxe3 d4 28. Qd3 dxe3 29. Kh2 Rd8 30. Qe4 Nh6 31. Qf3 Qd7 32. Nc5 Ng4+ 33. Kg1 Qd4 34. Re1 e2+ 35. Kh1 Nf2+ 36. Kh2 Qxc5 37. Rxe2 Nd3 38. Rd2 Qd5 39. Qe2 h5 40. a4 h4 41. gxh4 Kg7 42. a5 Rd6 43. a6 Qf5 44. Qf3 1-0


[Site "https://www.chess.com"]

[Event "Titled Tuesday Blitz July 13 2021"]
[White "Altman, Joshua"]
[Black "Vlassov, Nikolai"]
[WhiteFideId "426210"]
[BlackFideId "4103360"]
[WhiteElo "1945"]
[BlackElo "2407"]
[Result "1/2-1/2"]
[Round "09"]
[TimeControl "180+1"]
[Date "2021.07.13"]
[WhiteClock "0:00:38"]
[BlackClock "0:00:18"]

1. d4 Nf6 2. c4 Nc6 3. Nf3 e6 4. a3 d5 5. cxd5 exd5 6. Nc3 g6 7. Bg5 Bg7 8. e3 O-O 9. Bd3 Ne7 10. O-O h6 11. Bh4 Bf5 12. Ne5 Bxd3 13. Qxd3 Nf5 14. Bg3 Nxg3 15. hxg3 c6 16. Rac1 Ne8 17. Nf3 Nd6 18. Na4 Re8 19. Nc5 a5 20. a4 Qe7 21. Qc2 Rec8 22. b3 b6 23. Nd3 Ne4 24. Nd2 c5 25. dxc5 Nxd2 26. Qxd2 bxc5 27. Nf4 d4 28. exd4 Bxd4 29. Nd5 Qd6 30. Ne3 Rcb8 31. Nc4 Qc7 32. Rb1 Kg7 33. Rfc1 Ra6 34. Ne3 Rd6 35. Nc4 Ra6 36. Ne3 Qe5 37. Nc4 Qc7 1/2-1/2


[Site "https://www.chess.com"]

[Event "Titled Tuesday Blitz July 13 2021"]
[White "Aradhya, Garg"]
[Black "Gracia Alvarez, Gerardo Antonio"]
[WhiteFideId "25006746"]
[BlackFideId "5109124"]
[WhiteElo "2146"]
[BlackElo "2148"]
[Result "1-0"]
[Round "09"]
[TimeControl "180+1"]
[Date "2021.07.13"]
[WhiteClock "0:01:41"]
[BlackClock "0:00:19"]

1. d4 Nf6 2. c4 c5 3. dxc5 Na6 4. Nc3 Nxc5 5. g3 g6 6. Bg2 Bg7 7. Nh3 O-O 8. O-O d6 9. Nf4 Bd7 10. Be3 Bc6 11. Nfd5 Ncd7 12. Rc1 a5 13. Qd2 a4 14. Rfd1 Ne5 15. b3 axb3 16. axb3 Neg4 17. Bb6 Qd7 18. Bd4 e6 19. Nb6 Qc7 20. Nxa8 Rxa8 21. h3 Bxg2 22. Kxg2 Qc6+ 23. f3 Ne5 24. Bxe5 dxe5 25. Qd6 Qxd6 26. Rxd6 Bf8 27. Rd3 Bc5 28. Na4 Bb4 29. Rcd1 Kg7 30. Rd8 Ra6 31. Rb8 e4 32. Rxb7 1-0


[Site "https://www.chess.com"]

[Event "Titled Tuesday Blitz July 13 2021"]
[White "Baskin, Robert"]
[Black "Shkapenko, Pavel"]
[WhiteFideId "24662402"]
[BlackFideId "4151933"]
[WhiteElo "2462"]
[BlackElo "2386"]
[Result "1/2-1/2"]
[Round "09"]
[TimeControl "180+1"]
[Date "2021.07.13"]
[WhiteClock "0:00:08"]
[BlackClock "0:00:11"]

1. c4 Nf6 2. Nc3 e6 3. e4 c5 4. e5 Ng8 5. Nf3 d6 6. exd6 Bxd6 7. d4 cxd4 8. Nxd4 a6 9. Be3 Nf6 10. Be2 O-O 11. O-O Qc7 12. h3 Rd8 13. Qb3 Nbd7 14. Rfd1 Bf8 15. Rac1 b6 16. Bf3 Bb7 17. Bxb7 Qxb7 18. Na4 Rab8 19. Nf3 b5 20. cxb5 axb5 21. Nc5 Nxc5 22. Bxc5 Rxd1+ 23. Qxd1 Bxc5 24. Rxc5 b4 25. Ne5 Qa7 26. Qc2 Rf8 27. Rc8 Qe7 28. Nc6 Qd6 29. Qd3 Nd5 30. Qa6 h6 31. Rxf8+ Qxf8 32. Qa7 Qd6 33. Qb8+ Qxb8 34. Nxb8 Kf8 35. Kf1 Ke7 36. Nc6+ Kd6 37. Nd4 Kc5 38. Nf3 Nf4 39. h4 Nd3 40. Ke2 Nxb2 41. Ne5 f6 42. Ng6 Na4 43. Kd3 e5 44. Ne7 Nc3 45. a3 e4+ 46. Kc2 Nd5 47. axb4+ Nxb4+ 48. Kd2 Kd4 49. Nf5+ Ke5 50. Nxg7 f5 51. Nh5 Nd5 52. g3 f4 53. g4 e3+ 54. fxe3 fxe3+ 55. Ke2 Kd4 56. Ng3 Nc3+ 57. Kf3 Kd3 58. g5 hxg5 59. hxg5 e2 60. Nxe2 Nxe2 61. g6 Nd4+ 62. Kg4 Ne6 63. Kf5 Ng7+ 64. Kf6 Nh5+ 65. Kg5 Ng7 66. Kh6 Ne6 67. g7 Nxg7 1/2-1/2


[Site "https://www.chess.com"]

[Event "Titled Tuesday Blitz July 13 2021"]
[White "Bazeev, German"]
[Black "Khanin, Semen"]
[WhiteFideId "24119350"]
[BlackFideId "4111990"]
[WhiteElo "2837"]
[BlackElo "2700"]
[Result "1-0"]
[Round "09"]
[TimeControl "180+1"]
[Date "2021.07.13"]
[WhiteClock "0:00:21"]
[BlackClock "0:00:14"]

1. d4 Nf6 2. Nf3 g6 3. c4 Bg7 4. Nc3 d5 5. cxd5 Nxd5 6. Qa4+ Bd7 7. Qa3 Bc6 8. Bg5 h6 9. Bh4 g5 10. Bg3 Nd7 11. e3 e6 12. Rc1 a6 13. Nxd5 exd5 14. Bd3 Rc8 15. Bf5 Qe7 16. Qxe7+ Kxe7 17. h4 f6 18. h5 Bb5 19. b3 Bc6 20. Kd2 Rhd8 21. Rc2 Bf8 22. Kc3 Kf7 23. Kb2 Bd6 24. Bxd6 cxd6 25. Rhc1 Ke7 26. Nh2 Rh8 27. Nf1 Rb8 28. Ng3 Nf8 29. Bg4 Kf7 30. f3 Rd8 31. Rxc6 bxc6 32. Rxc6 Ne6 33. Nf5 Ng7 34. Rc7+ 1-0


[Site "https://www.chess.com"]

[Event "Titled Tuesday Blitz July 13 2021"]
[White "Begunov, Konstantin"]
[Black "Allahverdiyeva, Ayan"]
[WhiteFideId "4118510"]
[BlackFideId "13412590"]
[WhiteElo "2262"]
[BlackElo "1910"]
[Result "0-1"]
[Round "09"]
[TimeControl "180+1"]
[Date "2021.07.13"]
[WhiteClock "0:01:59"]
[BlackClock "0:01:13"]

1. d4 Nf6 2. c4 g6 3. f3 d5 4. cxd5 Nxd5 5. e4 Nb6 6. Nc3 Bg7 7. Be3 O-O 8. Qd2 Be6 9. d5 Bd7 10. O-O-O c6 11. dxc6 Nxc6 12. Bxb6 Qxb6 13. Qxd7 Rad8 14. Qh3 Bxc3 15. bxc3 Qe3+ 16. Kc2 Rxd1 17. Kxd1 Rd8+ 18. Kc2 Rd2+ 19. Kb3 Qb6+ 20. Ka3 Qa5+ 21. Kb3 Qxa2# 0-1


[Site "https://www.chess.com"]

[Event "Titled Tuesday Blitz July 13 2021"]
[White "Boidiya, Sidi"]
[Black "Gusarov, Grigory"]
[WhiteFideId "19600100"]
[BlackFideId "24102172"]
[WhiteElo "2113"]
[BlackElo "2269"]
[Result "1/2-1/2"]
[Round "09"]
[TimeControl "180+1"]
[Date "2021.07.13"]
[WhiteClock "0:00:04"]
[BlackClock "0:00:12"]

1. e4 c6 2. d4 d5 3. Nd2 dxe4 4. Nxe4 Nf6 5. Ng5 e6 6. N1f3 Nbd7 7. Bd3 Bd6 8. Qe2 O-O 9. O-O h6 10. Ne4 Nxe4 11. Qxe4 Nf6 12. Qe2 b6 13. c4 Bb7 14. b3 c5 15. dxc5 Bxc5 16. Bb2 Bxf3 17. Qxf3 Qe7 18. Rad1 Rad8 19. Bc2 e5 20. Rfe1 Rxd1 21. Rxd1 Bd4 22. Bxd4 exd4 23. h3 Rd8 24. Qd3 g6 25. Qd2 Kg7 26. Bd3 Re8 27. Kf1 Qd6 28. Kg1 Qe5 29. Bf1 Rd8 30. Bd3 Nh5 31. Re1 Qf4 32. Qxf4 Nxf4 33. Rd1 f5 34. h4 Kf6 35. g3 Nxd3 36. Rxd3 Ke5 37. Kf1 f4 38. Ke2 g5 39. hxg5 hxg5 40. gxf4+ gxf4 41. Rh3 Rd7 42. Kd3 Kf5 43. Rh5+ Kg4 44. Rd5 Rf7 45. Ke2 Re7+ 46. Kf1 Re4 47. Kg2 f3+ 48. Kh2 Kf4 49. Kh3 Re2 50. Rxd4+ Ke5 51. Rd7 Rxa2 52. Kg3 Ra3 53. Rd3 Ke4 54. Re3+ Kd4 55. Kxf3 a5 56. Ke2 Ra2+ 57. Ke1 Rb2 58. Rh3 Kc5 59. Rh5+ Kc6 60. Rb5 Rc2 61. f4 Rh2 62. Kf1 Rc2 63. f5 a4 64. bxa4 Rxc4 65. Re5 Rxa4 66. Kf2 b5 67. Kf3 b4 68. f6 Ra1 69. Kg4 Rf1 70. Rf5 Rg1+ 71. Kh5 Rh1+ 72. Kg6 Rg1+ 73. Rg5 Rf1 74. Rf5 Rxf5 75. Kxf5 b3 76. f7 b2 77. f8=Q b1=Q+ 78. Kf6 Qh7 79. Qc8+ Qc7 80. Qxc7+ Kxc7 1/2-1/2


[Site "https://www.chess.com"]

[Event "Titled Tuesday Blitz July 13 2021"]
[White "Borisova, Ekaterina"]
[Black "Hebden, Mark L"]
[WhiteFideId "34124184"]
[BlackFideId "400084"]
[WhiteElo "2021"]
[BlackElo "2457"]
[Result "1-0"]
[Round "09"]
[TimeControl "180+1"]
[Date "2021.07.13"]
[WhiteClock "0:00:11"]
[BlackClock "0:00:10"]

1. e4 e5 2. Nc3 Nf6 3. d4 exd4 4. Qxd4 Nc6 5. Qd3 g6 6. Bg5 h6 7. Bf4 Bg7 8. O-O-O O-O 9. f3 d6 10. Qd2 Kh7 11. Nge2 a6 12. g4 Be6 13. h4 Ne5 14. Nd4 c5 15. Nxe6 fxe6 16. Be2 Ne8 17. h5 g5 18. Be3 Qa5 19. f4 gxf4 20. Bxf4 b5 21. g5 Rxf4 22. Qxf4 hxg5 23. Qg3 Bh6 24. Rxd6 Nxd6 25. Qxe5 b4 26. Qxd6 bxc3 27. Bc4 cxb2+ 28. Kb1 Qd8 29. Qxe6 Qe8 30. Qf5+ Kh8 31. e5 Qe7 32. e6 Rf8 33. Qd5 g4 34. Rf1 Rxf1+ 35. Bxf1 g3 36. Kxb2 Bg7+ 37. Kb3 Qf6 38. Qc4 Qb2+ 39. Ka4 Bf6 40. h6 Qd4 41. Qxd4 cxd4 42. Bg2 Kh7 43. Ka5 Kxh6 44. Kxa6 Kg5 45. Kb7 Kf4 46. a4 Ke3 47. a5 Kd2 48. a6 Kxc2 49. a7 d3 50. a8=Q d2 51. Qa2+ Kc1 52. Bf3 g2 53. Qc4+ Kb2 54. Qb4+ Kc2 55. Qe4+ Kb2 56. Qe3 Kc2 57. Be4+ Kb2 58. Qxd2+ 1-0


[Site "https://www.chess.com"]

[Event "Titled Tuesday Blitz July 13 2021"]
[White "Borsuk, Konstantin"]
[Black "Bilych, Olexiy"]
[WhiteFideId "14113406"]
[BlackFideId "14156504"]
[WhiteElo "2363"]
[BlackElo "2246"]
[Result "1-0"]
[Round "09"]
[TimeControl "180+1"]
[Date "2021.07.13"]
[WhiteClock "0:01:17"]
[BlackClock "0:00:03"]

1. Nf3 Nf6 2. c4 g6 3. b3 Bg7 4. Bb2 O-O 5. g3 c5 6. Bg2 Nc6 7. O-O d6 8. d3 Rb8 9. Nc3 b6 10. e3 e6 11. d4 Bb7 12. Rc1 Qe7 13. Qe2 Rfd8 14. Rfd1 cxd4 15. exd4 d5 16. cxd5 Nxd5 17. Nxd5 exd5 18. Qxe7 Nxe7 19. Rc7 Nc6 20. Ne5 Nxe5 21. dxe5 Rdc8 22. Rdc1 Bf8 23. Rxc8 Rxc8 24. Rxc8 Bxc8 25. Bxd5 Bc5 26. Kg2 Kf8 27. Bc1 Be6 28. Bc6 Bd4 29. Bh6+ Ke7 30. Bg5+ Kf8 31. Bf6 a6 32. f4 h5 33. Bd8 Bf5 34. Bd5 Ke8 35. Bc7 Be6 36. Bc6+ Bd7 37. Bb7 Be6 38. Bxa6 Kd7 39. Bd6 Kc6 40. Bc4 Bf5 41. Bxf7 Be4+ 42. Kh3 Bf5+ 43. Kh4 Bg1 44. h3 Bf2 45. a4 Bc2 46. Bc4 Bf5 47. Bf8 Bc2 48. e6 Bf5 49. e7 1-0


[Site "https://www.chess.com"]

[Event "Titled Tuesday Blitz July 13 2021"]
[White "Bortnyk, Olexandr"]
[Black "Iskusnyh, Sergei"]
[WhiteFideId "14120828"]
[BlackFideId "4120027"]
[WhiteElo "2723"]
[BlackElo "2492"]
[Result "1-0"]
[Round "09"]
[TimeControl "180+1"]
[Date "2021.07.13"]
[WhiteClock "0:00:16"]
[BlackClock "0:00:17"]

1. d4 d5 2. Nc3 Nf6 3. Bf4 c5 4. e3 cxd4 5. exd4 a6 6. Nf3 Bg4 7. Be2 Nc6 8. h3 Bh5 9. Ne5 Bxe2 10. Nxe2 e6 11. c3 Nxe5 12. Bxe5 Bd6 13. Qb3 O-O 14. Bxf6 Qxf6 15. O-O b5 16. a4 Rab8 17. axb5 Rxb5 18. Qc2 a5 19. Ra2 Rfb8 20. Rfa1 Qg6 21. Qd2 h6 22. Nc1 a4 23. Nd3 a3 24. b4 Rc8 25. Rxa3 Rbb8 26. Ra6 Bc7 27. Qe2 Qf5 28. Nc5 Bf4 29. g3 Bg5 30. Kg2 Be7 31. Ra7 Bxc5 32. dxc5 d4 33. Rd7 dxc3 34. Qc4 c2 35. Rd2 Rd8 36. Rxc2 Rxb4 37. Qxb4 Qxc2 38. Ra7 Rc8 39. Qb7 Qe4+ 40. Qxe4 1-0


[Site "https://www.chess.com"]

[Event "Titled Tuesday Blitz July 13 2021"]
[White "Bugayev, Vladimir"]
[Black "Mikhalsky, Vladimir"]
[WhiteFideId "30901480"]
[BlackFideId "14144352"]
[WhiteElo "2353"]
[BlackElo "2280"]
[Result "1-0"]
[Round "09"]
[TimeControl "180+1"]
[Date "2021.07.13"]
[WhiteClock "0:00:10"]
[BlackClock "0:00:12"]

1. e4 g6 2. Nc3 Bg7 3. f4 c5 4. Bc4 e6 5. Nf3 Ne7 6. Bb3 d5 7. d3 Nbc6 8. Ba4 O-O 9. Bxc6 Nxc6 10. e5 f6 11. Qe2 b6 12. Bd2 Bb7 13. O-O-O f5 14. h3 d4 15. Nb5 Rf7 16. Nd6 Rc7 17. g4 Ne7 18. Nxb7 Rxb7 19. Ng5 Qd7 20. Qg2 Bh6 21. Nxe6 Rab8 22. gxf5 Nxf5 23. Ng5 Bxg5 24. Qxg5 Qa4 25. Kb1 c4 26. dxc4 Qxc4 27. h4 Rc8 28. h5 Rg7 29. c3 Qd3+ 30. Ka1 b5 31. Bc1 Qf3 32. cxd4 Nxd4 33. hxg6 Nc2+ 34. Kb1 Qe4 35. Rd8+ Rxd8 36. Qxd8# 1-0


[Site "https://www.chess.com"]

[Event "Titled Tuesday Blitz July 13 2021"]
[White "Bures, Vit"]
[Black "Deviprasath, Sharvesh"]
[WhiteFideId "309052"]
[BlackFideId "30938228"]
[WhiteElo "2131"]
[BlackElo "2102"]
[Result "0-1"]
[Round "09"]
[TimeControl "180+1"]
[Date "2021.07.13"]
[WhiteClock "0:00:31"]
[BlackClock "0:00:10"]

1. d4 Nf6 2. c4 g6 3. Nc3 Bg7 4. e4 d6 5. Be2 O-O 6. Bg5 c5 7. d5 e6 8. Qd2 exd5 9. exd5 Qb6 10. Nf3 Bf5 11. O-O Ne4 12. Nxe4 Bxe4 13. Rad1 Qxb2 14. Be7 Qxd2 15. Nxd2 Re8 16. Bxd6 Bxd5 17. cxd5 Rxe2 18. Rfe1 Rxe1+ 19. Rxe1 Nd7 20. Re7 Nb6 21. Rxb7 c4 22. Kf1 c3 23. Nb3 Nxd5 24. Ke2 Rd8 25. Ba3 c2 26. Rxa7 Nc3+ 27. Kf3 Nb5 28. Ra5 Nxa3 29. Rxa3 Rd3+ 30. Ke2 Rxb3 0-1


[Site "https://www.chess.com"]

[Event "Titled Tuesday Blitz July 13 2021"]
[White "Buscar, Michael"]
[Black "Toniutti, Ezio"]
[WhiteFideId "2603616"]
[BlackFideId "113034"]
[WhiteElo "2010"]
[BlackElo "2215"]
[Result "1-0"]
[Round "09"]
[TimeControl "180+1"]
[Date "2021.07.13"]
[WhiteClock "0:01:17"]
[BlackClock "0:00:23"]

1. d4 d5 2. c4 c6 3. cxd5 cxd5 4. Nc3 Nf6 5. Bf4 Nc6 6. e3 a6 7. Bd3 Bg4 8. Nge2 e6 9. O-O Bd6 10. Bg3 O-O 11. Rc1 Rc8 12. Na4 e5 13. dxe5 Nxe5 14. Rxc8 Qxc8 15. Bb1 Rd8 16. Qd2 Ne4 17. Bxe4 dxe4 18. Nd4 Bh5 19. Rc1 Qb8 20. Qa5 Nd3 21. Rc2 b5 22. Nc6 Bc7 23. Bxc7 Qc8 24. Ne7+ 1-0


[Site "https://www.chess.com"]

[Event "Titled Tuesday Blitz July 13 2021"]
[White "Carlsson, Ludvig"]
[Black "Sydoryka, Vladyslav"]
[WhiteFideId "1727010"]
[BlackFideId "14145928"]
[WhiteElo "2147"]
[BlackElo "2200"]
[Result "1-0"]
[Round "09"]
[TimeControl "180+1"]
[Date "2021.07.13"]
[WhiteClock "0:01:50"]
[BlackClock "0:00:32"]

1. e4 c6 2. Nf3 d5 3. d3 g6 4. e5 Bg7 5. d4 h5 6. c4 Nh6 7. cxd5 cxd5 8. Bb5+ Nc6 9. Bxc6+ bxc6 10. O-O O-O 11. h3 Qc7 12. Nc3 Ba6 13. Re1 e6 14. Na4 Rfc8 15. Nc5 Bb7 16. Bg5 Nf5 17. Rc1 Rab8 18. Qd2 Bf8 19. g4 hxg4 20. hxg4 Ng7 21. Bf6 Ne8 22. Kg2 Nxf6 23. exf6 Bxc5 24. Rxc5 Kf8 25. Qh6+ Ke8 26. Ne5 Qd6 27. Qh8+ Qf8 28. Qxf8+ Kxf8 29. Rh1 Kg8 30. Rc3 1-0


[Site "https://www.chess.com"]

[Event "Titled Tuesday Blitz July 13 2021"]
[White "Costachi, Mihnea"]
[Black "Ibrahimli, Murad"]
[WhiteFideId "1217518"]
[BlackFideId "13410229"]
[WhiteElo "2482"]
[BlackElo "2109"]
[Result "0-1"]
[Round "09"]
[TimeControl "180+1"]
[Date "2021.07.13"]
[WhiteClock "0:01:10"]
[BlackClock "0:00:52"]

1. d4 Nf6 2. c4 e6 3. Nf3 d5 4. Nc3 Bb4 5. cxd5 exd5 6. Bg5 h6 7. Bh4 g5 8. Bg3 Ne4 9. Qb3 Nc6 10. e3 h5 11. Bb5 Bxc3+ 12. bxc3 h4 13. Be5 f6 14. c4 a6 15. cxd5 axb5 16. dxc6 bxc6 17. Qc2 Qd5 18. Bxc7 h3 19. O-O hxg2 20. Rfc1 g4 21. Nd2 Ng5 22. Qg6+ Qf7 23. Qxf7+ Kxf7 24. Kxg2 Be6 25. e4 Nxe4 26. Nxe4 Bd5 27. f3 gxf3+ 28. Kxf3 Ra3+ 29. Kg2 Bxe4+ 30. Kg1 Bd5 31. Rc2 Rh4 32. Rd2 Ke6 33. Bg3 Rxg3+ 34. hxg3 Rh1+ 35. Kf2 Rxa1 36. Ke3 Rxa2 37. Rxa2 Bxa2 0-1


[Site "https://www.chess.com"]

[Event "Titled Tuesday Blitz July 13 2021"]
[White "Cunjalo, Faris"]
[Black "Nguyen, Quoc Hy"]
[WhiteFideId "14410710"]
[BlackFideId "12410853"]
[WhiteElo "2851"]
[BlackElo "2702"]
[Result "1-0"]
[Round "09"]
[TimeControl "180+1"]
[Date "2021.07.13"]
[WhiteClock "0:00:03"]
[BlackClock "0:00:02"]

1. c4 Nf6 2. Nc3 c6 3. e4 e5 4. Nf3 d6 5. d4 Bg4 6. Be2 Bxf3 7. Bxf3 Nbd7 8. d5 c5 9. g3 g6 10. h4 h5 11. Bg2 Bh6 12. Bh3 Bxc1 13. Qxc1 a6 14. a4 Qc7 15. O-O O-O-O 16. a5 Kb8 17. Qe3 Rdf8 18. f3 Ne8 19. f4 f5 20. exf5 gxf5 21. Ne2 e4 22. Kh1 Ng7 23. Qc3 Rhg8 24. Rab1 Rf7 25. Rf2 Nf6 26. b4 Ng4 27. Bxg4 fxg4 28. b5 Ka8 29. bxa6 bxa6 30. Rb6 Ka7 31. Nc1 Nf5 32. Rfb2 Nd4 33. Ne2 Nxe2 34. Rxe2 Re8 35. Kg2 Rfe7 36. Qe3 Qd7 37. Reb2 Qc7 38. Kf2 Qd7 39. Ke2 Qc7 40. Qb3 e3 41. Qa4 Qd7 42. Rc6 Rd8 43. Rbb6 1-0


[Site "https://www.chess.com"]

[Event "Titled Tuesday Blitz July 13 2021"]
[White "Daianu, Cristian-Clement"]
[Black "Rodrigues, Bruno Morado"]
[WhiteFideId "1208926"]
[BlackFideId "2115654"]
[WhiteElo "2133"]
[BlackElo "2040"]
[Result "0-1"]
[Round "09"]
[TimeControl "180+1"]
[Date "2021.07.13"]
[WhiteClock "0:00:20"]
[BlackClock "0:00:10"]

1. e4 c5 2. Nf3 Nc6 3. d4 cxd4 4. Nxd4 e5 5. Nb5 d6 6. Be2 Nf6 7. N5c3 Be7 8. O-O O-O 9. Bg5 Nxe4 10. Nxe4 Bxg5 11. Nxd6 Be6 12. Nc3 Qb6 13. Nde4 Be7 14. Bg4 f5 15. Bh3 Nd4 16. Nd2 Qxb2 17. Ne2 Nxc2 18. Rb1 Qxa2 19. Nc3 Qa5 20. Qxc2 Rac8 21. Rbc1 Ba3 22. Ndb1 Bxc1 23. Rxc1 b5 24. Qb2 b4 25. Ne2 Rxc1+ 26. Nxc1 b3 27. g3 Rc8 28. Nxb3 Qe1+ 29. Bf1 Rb8 30. N1d2 e4 31. Qe5 Re8 32. Qf4 Rd8 33. Nc5 Rxd2 34. Nxe6 Rd1 35. Qb8+ Kf7 36. Nd8+ Kg6 37. Qb5 Rxd8 38. h4 Rd1 39. h5+ Kg5 40. h6 Qxf1+ 41. Qxf1 Rxf1+ 42. Kxf1 gxh6 43. Ke2 a5 44. Ke3 Kg4 45. Kd4 Kf3 0-1


[Site "https://www.chess.com"]

[Event "Titled Tuesday Blitz July 13 2021"]
[White "Damjanovic, Vladimir"]
[Black "Aldokhin, Ivan"]
[WhiteFideId "903795"]
[BlackFideId "24115720"]
[WhiteElo "2374"]
[BlackElo "2306"]
[Result "1-0"]
[Round "09"]
[TimeControl "180+1"]
[Date "2021.07.13"]
[WhiteClock "0:00:03"]
[BlackClock "0:00:02"]

1. e4 c5 2. Nf3 e6 3. g3 Nc6 4. Bg2 Nf6 5. Qe2 Be7 6. e5 Nd5 7. d3 O-O 8. O-O d6 9. exd6 Bxd6 10. Nbd2 b6 11. Nc4 Bb7 12. h4 h6 13. c3 Bc7 14. Re1 Qf6 15. Nfe5 Bxe5 16. Nxe5 Rad8 17. Nxc6 Bxc6 18. Be4 Ne7 19. Bf4 Bxe4 20. dxe4 e5 21. Be3 Qe6 22. b3 Rd7 23. Rad1 Rfd8 24. Kg2 Qc6 25. f3 f5 26. Qc4+ Kh7 27. Rxd7 Rxd7 28. exf5 Nxf5 29. Bf2 Qd5 30. Qg4 Rf7 31. h5 Rf6 32. c4 Qd6 33. Qe4 g6 34. hxg6+ Kg7 35. Qxe5 Qxe5 36. Rxe5 Kxg6 37. g4 Nd6 38. Bh4 Nf7 39. Bxf6 Kxf6 40. Rf5+ Ke6 41. Kg3 Nd6 42. Rd5 Ne8 43. f4 Nf6 44. f5+ Kf7 45. Re5 Nh7 46. Kf4 Ng5 47. Re3 Kf6 48. Rd3 Ke7 49. Ke5 Nf7+ 50. Kd5 a6 51. Re3+ Kd7 52. f6 Ng5 53. Re7+ Kd8 54. Kd6 Nf3 55. f7 1-0


[Site "https://www.chess.com"]

[Event "Titled Tuesday Blitz July 13 2021"]
[White "Dobrowolski, Piotr"]
[Black "Mirzoev, Azer"]
[WhiteFideId "1106236"]
[BlackFideId "13400304"]
[WhiteElo "2304"]
[BlackElo "2525"]
[Result "1/2-1/2"]
[Round "09"]
[TimeControl "180+1"]
[Date "2021.07.13"]
[WhiteClock "0:00:15"]
[BlackClock "0:00:28"]

1. e4 c6 2. c4 d5 3. cxd5 cxd5 4. exd5 Nf6 5. Nc3 Nxd5 6. Nf3 e6 7. d4 Nc6 8. Bd3 Be7 9. O-O Nf6 10. a3 O-O 11. Re1 b6 12. Bc2 Bb7 13. Bg5 Nd5 14. Qd3 g6 15. Bh6 Re8 16. Bb3 Nxc3 17. bxc3 Bf8 18. Qd2 Bg7 19. Qf4 Qf6 20. Qc1 Bxh6 21. Qxh6 Na5 22. Ba4 Bc6 23. Bxc6 Nxc6 24. Ne5 Nxe5 25. Rxe5 Rac8 26. Qe3 Red8 27. Re1 Rd6 28. g3 Rdc6 29. Rc1 Kg7 30. h4 h5 31. a4 a6 32. d5 exd5 33. Rxd5 Rc5 34. Rxc5 Rxc5 35. Rb1 Rc6 36. c4 a5 37. Rb5 Rxc4 38. Rxb6 Qa1+ 39. Kg2 Rc1 40. Qb3 Rg1+ 41. Kf3 Rc1 42. Qb2+ Qxb2 43. Rxb2 Rc4 44. Rb6 Rxa4 45. Ra6 Ra2 46. Ke3 a4 47. Kf3 a3 48. Ke3 Kf8 49. Kf3 Ke7 50. Ke3 Ra1 51. Kf3 Kd7 52. Ra7+ Ke6 53. Kf4 f6 54. Kf3 a2 55. Kg2 Kd5 56. Ra5+ Kc4 57. Ra8 Kd5 58. Rd8+ Ke6 59. Ra8 g5 60. Ra6+ Kd5 61. hxg5 fxg5 62. Ra5+ Ke4 63. Ra4+ Kd3 64. Ra8 h4 65. gxh4 gxh4 66. f4 Ke4 67. f5 Kxf5 68. Rf8+ Kg4 69. Rg8+ Kf4 70. Ra8 h3+ 71. Kh2 Ke4 72. Re8+ Kd5 73. Ra8 Kc4 74. Rc8+ Kb3 75. Rb8+ Kc3 76. Rc8+ Kd3 77. Rd8+ Ke3 78. Re8+ Kf4 79. Rf8+ Kg4 80. Ra8 Kf3 81. Rf8+ Ke4 82. Re8+ Kd5 83. Rd8+ Kc6 84. Ra8 Kb7 85. Ra3 Kb6 86. Ra8 Kb5 87. Rb8+ Ka4 88. Ra8+ Kb4 89. Rb8+ Ka4 90. Ra8+ Kb4 91. Rb8+ Ka4 1/2-1/2


[Site "https://www.chess.com"]

[Event "Titled Tuesday Blitz July 13 2021"]
[White "Wagner, Dinara"]
[Black "Kolb, Tobias"]
[WhiteFideId "24157570"]
[BlackFideId "12992321"]
[WhiteElo "2260"]
[BlackElo "2110"]
[Result "1-0"]
[Round "09"]
[TimeControl "180+1"]
[Date "2021.07.13"]
[WhiteClock "0:00:30"]
[BlackClock "0:00:08"]

1. Nf3 d5 2. d4 c6 3. c4 e6 4. g3 dxc4 5. Bg2 b5 6. a4 Bb7 7. O-O Nf6 8. b3 cxb3 9. Qxb3 b4 10. Nbd2 c5 11. dxc5 Bxc5 12. Bb2 Nbd7 13. Rfd1 O-O 14. Rac1 Bd5 15. Qc2 Rc8 16. Qb1 Qb6 17. e3 Qa6 18. e4 Bb7 19. e5 Ng4 20. Ng5 Bxf2+ 21. Kh1 g6 22. Nde4 Be3 23. Rxd7 Nf2+ 24. Nxf2 Bxc1 25. Rxb7 Bxg5 26. Rd7 Qxa4 27. Rd1 Rc2 28. Rf1 Rfc8 29. Ne4 Be7 30. Qd1 Qa2 31. Qf3 Rf8 32. Bc1 b3 33. Bh6 b2 34. Bxf8 f5 35. exf6 Bxf8 36. f7+ Kh8 37. Qf6+ 1-0


[Site "https://www.chess.com"]

[Event "Titled Tuesday Blitz July 13 2021"]
[White "Dudzinski, Pawel"]
[Black "Gabdushev, Ruslan"]
[WhiteFideId "1117890"]
[BlackFideId "4137833"]
[WhiteElo "2193"]
[BlackElo "2312"]
[Result "0-1"]
[Round "09"]
[TimeControl "180+1"]
[Date "2021.07.13"]
[WhiteClock "0:00:09"]
[BlackClock "0:00:08"]

1. e4 Nc6 2. d4 d5 3. e5 Bf5 4. f4 Qd7 5. Bd3 Nxd4 6. c3 Bxd3 7. Qxd3 Nc6 8. Be3 e6 9. Nf3 Nge7 10. Nbd2 Nf5 11. Bf2 h5 12. g3 a6 13. h3 Be7 14. O-O-O O-O-O 15. g4 Nh6 16. Rdg1 g6 17. Nb3 Kb8 18. Nbd4 Nxd4 19. Bxd4 c5 20. Bf2 Qa4 21. Be3 Qxa2 22. f5 hxg4 23. hxg4 Qa1+ 24. Kc2 Qa4+ 25. b3 Qa2+ 26. Kc1 Nxg4 27. Rxh8 Rxh8 28. Rxg4 gxf5 29. Rg1 Qxb3 30. Qc2 Qa3+ 31. Qb2 Qa4 32. Ng5 Bxg5 33. Bxg5 Ka7 34. Be3 b6 35. Qc2 Qa1+ 36. Kd2 Rh2+ 37. Kd3 Qxg1 38. Bxg1 Rxc2 39. Kxc2 a5 40. Kb3 Ka6 41. Ka3 Kb5 42. Kb3 a4+ 43. Ka3 Kc4 44. Kxa4 Kxc3 45. Kb5 d4 46. Kxb6 c4 47. Kc5 d3 48. Be3 d2 49. Bxd2+ Kxd2 50. Kxc4 f4 51. Kc5 f3 52. Kd6 f2 53. Ke7 f1=Q 54. Kf8 Qf5 55. Ke7 Qxe5 0-1


[Site "https://www.chess.com"]

[Event "Titled Tuesday Blitz July 13 2021"]
[White "Dushyant Sharma"]
[Black "Ashwin, Jayaram"]
[WhiteFideId "25065130"]
[BlackFideId "5018137"]
[WhiteElo "2019"]
[BlackElo "2461"]
[Result "1-0"]
[Round "09"]
[TimeControl "180+1"]
[Date "2021.07.13"]
[WhiteClock "0:01:19"]
[BlackClock "0:00:39"]

1. e4 c5 2. Nf3 Nc6 3. d4 cxd4 4. Nxd4 g6 5. f4 Bg7 6. Nf3 d6 7. Nc3 Nf6 8. Bd3 O-O 9. O-O a6 10. Kh1 b5 11. a3 Bb7 12. Qe1 Rc8 13. Bd2 Nd7 14. Qh4 e6 15. Qh3 Nc5 16. Rae1 b4 17. axb4 Nxb4 18. f5 Ncxd3 19. cxd3 Nxd3 20. Ng5 h6 21. fxg6 Nxe1 22. gxf7+ Rxf7 23. Nxf7 Qe7 24. Nxh6+ Bxh6 25. Qxh6 Nc2 26. Rf6 1-0


[Site "https://www.chess.com"]